AoeStats
← Nencatacoa

Arena

508790840Analyzed
4v4 RM · 9d ago on Sep 24, 2026· 35m 55s· 8 players
Game mode
Random Map
Map size
Large (8 player)
Population
200
Speed
Normal
Resources
Standard
Victory
Conquest
Starting age
Dark Age
Ending age
Imperial Age
RankedLock teamsTeams togetherTeam positionsShared explorationLock speedFull tech treeHidden civsTurbo modeCheats
Victory
Defeat
🇵🇪 Gurjaras · Peru
1607
+13
🇻🇳 Britons · Vietnam
1524
+17
🇳🇱 Berbers · Netherlands
1410
+21
🇺🇸 Varangians · United States
1396
+21
🇺🇸 Mapuche · United States
1593
-21
🇺🇸 Vikings · United States
1588
-20
🇨🇴 Sicilians · Colombia
1488
-16
🇨🇴 Turks · Colombia
1458
-15
Xololo
5:34 Loom
8:30 Feudal Age
8:55 Town Watch
12:35 Fletching
25:05 Forging
24:47 Double-Bit Axe
26:24 Horse Collar
33:51 Castle Age
optimal_brain_damage
10:26 Feudal Age
14:04 Castle Age
12:34 Stone Mining
13:16 Double-Bit Axe
13:40 Loom
21:13 Fletching
29:21 Imperial Age
28:33 Bow Saw
28:04 Horse Collar
30:03 Gold Mining
31:22 Bodkin Arrow
34:55 Heavy Plow
Nencatacoa
9:51 Feudal Age
14:33 Castle Age
13:00 Double-Bit Axe
14:37 Loom
19:51 Fletching
maxwell54
11:04 Feudal Age
12:36 Loom
15:37 Castle Age
13:31 Double-Bit Axe
13:41 Horse Collar
18:20 Gold Mining
27:03 Imperial Age
25:54 Bow Saw
25:54 Fletching
27:35 Wheelbarrow
31:22 Conscription
35:49 Scale Barding Armor
35:55 Forging
Ice2207
10:53 Feudal Age
14:31 Castle Age
13:02 Double-Bit Axe
13:07 Horse Collar
16:27 Bow Saw
17:53 Loom
21:03 Scale Mail Armor
30:19 Squires
34:06 Imperial Age
32:58 Wheelbarrow
33:57 Chain Mail Armor
33:58 Forging
35:24 Plate Mail Armor
BloodyCalyps
11:05 Feudal Age
12:21 Loom
15:45 Castle Age
15:00 Double-Bit Axe
14:58 Horse Collar
16:58 Bow Saw
25:51 Wheelbarrow
29:44 Imperial Age
27:20 Fletching
27:57 Padded Archer Armor
27:58 Gold Mining
30:50 Forging
30:46 Scale Barding Armor
30:11 Cavalier
31:36 Bloodlines
31:27 Husbandry
34:01 Siege Engineers
34:10 Fortified Wall
36:02 Chemistry
9:45 Feudal Age
13:15 Castle Age
12:42 Double-Bit Axe
17:29 Loom
20:34 Horse Collar
24:32 Wheelbarrow
25:52 Bow Saw
30:04 Imperial Age
28:07 Fletching
29:10 Bodkin Arrow
29:12 Gold Mining
30:36 Hand Cart
33:55 Sanctity
35:18 Gold Shaft Mining
34:33 Stone Mining
35:00 Bracer
35:01 Padded Archer Armor
34:43 Crossbowman
36:55 Two-Man Saw
35:58 Heavy Plow
CopoDeNieve
8:12 Loom
9:58 Feudal Age
13:56 Double-Bit Axe
13:53 Horse Collar
19:10 Castle Age
17:23 Stone Mining
20:25 Bow Saw
20:20 Heavy Plow
21:04 Town Watch
23:48 Wheelbarrow
28:38 Hand Cart
30:44 Fletching
31:04 Scale Mail Armor
34:14 Gold Mining
37:24 Imperial Age
Connection lost

Rejoining the realm…

Still unreachable

The connection could not be restored.

Session expired

The server has moved on; the page needs a fresh start.